 Dungeon Crawl Stone Soup version 0.24.0-13-gcf9b319 (webtiles) character file.

Game seed: 1830565830150142112, levelgen mode: deterministic

13 Bronimir the Stinger (level 2, -1/19 HPs)
             Began as a Formicid Venom Mage on Apr 18, 2020.
             Slain by a jackal (3 damage)
             ... on level 1 of the Dungeon.
             The game lasted 00:01:42 (329 turns).

Bronimir the Stinger (Formicid Venom Mage)           Turns: 329, Time: 00:01:42

Health: -1/19      AC:  2    Str: 12    XL:     2   Next: 50%
Magic:  0/5        EV: 12    Int: 14    God:
Gold:   17         SH:  0    Dex: 11    Spells: 4/5 levels left

rFire    . . .     SeeInvis +   a - +0 hand axe
rCold    . . .     Gourm    .   (no shield)
rNeg     . . .     Faith    .   l - +0 robe
rPois    .         Spirit   .   (helmet unavailable)
rElec    .         Reflect  .   (no cloak)
rCorr    .         Harm     .   (no gloves)
MR       .....                  (no boots)
Stlth    ++........             (no amulet)
HPRegen  0.06/turn              (no ring)
MPRegen  0.09/turn              (no ring)

@: no status effects
A: permanent stasis, dig shafts and tunnels, four strong arms, antennae 3
a: Dig, Shaft Self


You were on level 1 of the Dungeon.
You were not hungry.

You visited 1 branch of the dungeon, and saw 1 of its levels.

You collected 17 gold pieces.

Inventory:

Hand Weapons
 a - a +0 hand axe (weapon)
 j - a +0 club
Missiles
 h - 16 sling bullets
 k - 18 poisoned darts (quivered)
Armour
 e - a +0 shield
 l - a +0 robe (worn)
Scrolls
 b - a scroll of remove curse {unknown}
 d - a scroll of fear {unknown}
 g - 2 scrolls of identify {unknown}
 i - a scroll of teleportation {unknown}
Comestibles
 c - a ration
 f - a chunk of flesh


   Skills:
 * Level 0.4 Armour
 + Level 1.8 Dodging
 - Level 2.4 Stealth
 + Level 0.2 Unarmed Combat
 * Level 2.4 Spellcasting
 * Level 1.1 Conjurations
 * Level 4.3 Poison Magic


You had 4 spell levels left.
You knew the following spells:

 Your Spells              Type           Power        Failure   Level  Hunger
a - Sting                 Conj/Pois      #...         8%          1    #......

Your spell library contained the following spells:

 Spells                   Type           Power        Failure   Level  Hunger
 Poisonous Vapours        Pois/Air       #.....       14%         2    ###....
 Mephitic Cloud           Conj/Pois/Air  #.......     32%         3    ###....
 Olgreb's Toxic Radiance  Pois           ##......     36%         4    #####..
 Venom Bolt               Conj/Pois      #.........   90%         5    ######.


Dungeon Overview and Level Annotations

Branches:
Dungeon (1/15)

Altars:


Innate Abilities, Weirdness & Mutations

You cannot be hasted, slowed, berserked, paralysed or teleported.
You can dig through walls and to a lower floor.
Your four strong arms can wield two-handed weapons with a shield.
You have a pair of large antennae on your head. (SInv)


Message History

* * * LOW HITPOINT WARNING * * *
You hit the jackal.
You kill the jackal!
The jackal bites you but does no damage.
The jackal bites you.
* * * LOW HITPOINT WARNING * * *
Casting: Sting (safe; 8% risk of failure)
Confirm with . or Enter, or press ? or * to list all spells.
Aiming: Sting (safe; 8% risk of failure)
Press: ? - help, Shift-Dir - straight line, f - jackal
Aim: a jackal The sting misses the jackal.
The jackal barely misses you. The jackal closely misses you.
The jackal completely misses you. The jackal closely misses you.
You aren't carrying any potions.
The jackal bites you.
* * * LOW HITPOINT WARNING * * *
The jackal barely misses you. The jackal bites you.
You die...

### #....†...... <.##
#.########## ...##
########.#.....# ≈8#.#
...............# ≈≈#.#
...............# ≈8#.#
...............# ≈≈#.#
.########.......# ≈8#.#
.....####hh.....# ...##
.........@#+#.... .###
............#.#.... .#
#........>.......... .#
#............####... .#
#.......#......#
.####.......#....#.###+#+####.
............#....#...........#
............###.##...........#
........†...###.##............


You could see 2 jackals.

Vanquished Creatures
  A dart slug (D:1)
  A giant cockroach (D:1)
  2 goblins (D:1)
  A hobgoblin (D:1)
  2 jackals (D:1)
  A frilled lizard (D:1)
  2 rats (D:1)
10 creatures vanquished.

Notes
Turn   | Place    | Note
-------+----------+-------------------------------------------
     0 | D:1      | Bronimir the Formicid Venom Mage began the quest for the
                  | Orb.
     0 | D:1      | Reached XP level 1. HP: 13/13 MP: 3/3
    80 | D:1      | Reached skill level 1 in Conjurations
    80 | D:1      | Reached XP level 2. HP: 13/19 MP: 0/5
   329 | D:1      | Slain by a jackal

Levels and vault maps discovered:
D:1:      lightli_arrival_statue_moat, layout_basic

Skill      XL: |  1 |
---------------+----+-----
Conjurations   | 1 |  1.1
Armour         | |  0.4
Dodging        | |  1.8
Stealth        | |  2.4
Unarmed Combat | |  0.2
Spellcasting   | |  2.4
Poison Magic   | |  4.3

Action                   || total
-------------------------++-------
Melee: Unarmed           ||     3
       Hand axe          ||    10
       Club              ||     1
 Cast: Sting             ||    17
Armor: Robe              ||     1
Dodge: Dodged            ||    20
